 Dungeon Crawl Stone Soup version 0.30.2 (webtiles) character file.

Game seed: 10908392529315422141

1687 porpoise the Cudgeller (level 8, -5/73 HPs)
             Began as an Armataur Fighter on Feb 19, 2024.
             Was a Believer of Qazlal.
             Killed from afar by an orc wizard (9 damage)
             ... with a puff of flame
             ... on level 7 of the Dungeon.
             The game lasted 00:20:19 (7037 turns).

porpoise the Cudgeller (Armataur Fighter)           Turns: 7037, Time: 00:20:20

Health: -5/73      AC: 17    Str: 23    XL:     8   Next: 71%
Magic:  10/10      EV:  5    Int:  9    God:    Qazlal [**....]
Gold:   326        SH:  7    Dex: 14    Spells: 7/7 levels left

rFire   . . .        a - +0 flail
rCold   . . .        c - +0 buckler
rNeg    + . .        u - +0 scale mail of Charity {rN+ rCorr Dex+4}
rPois   .            (no helmet)
rElec   .            (no cloak)
rCorr   +            (no gloves)
SInv    .            G - +0 barding
Will    .....        n - amulet of the acrobat Stlth
                     f - +4 ring of protection
HPRegen 0.32/turn    k - ring of flight
MPRegen 0.12/turn

%: acrobat, roll
@: flying
A: large, rugged brown scales 3, deformed body, armoured tail, roll, long
tongue, awkward tongue
a: Renounce Religion, Upheaval


You were on level 7 of the Dungeon.
You worshipped Qazlal.
Qazlal was pleased with you.
You visited 2 branches of the dungeon, and saw 8 of its levels.
You also visited: Sewer and Ossuary.

You collected 614 gold pieces.
You spent 288 gold pieces at shops.

Inventory:

Hand Weapons
 a - a +0 flail (weapon)
 v - a +4 mace
Missiles
 x - 4 atropa-tipped darts (quivered)
 y - 6 poisoned darts
Armour
 c - a +0 buckler (worn)
 u - the +0 scale mail of Charity (worn) {rN+ rCorr Dex+4}
   (You found it on level 4 of the Dungeon)

   Dex:       It affects your dexterity (+4).
   rN:        It protects you from negative energy.
   rCorr:     It protects you from acid and corrosion.
 E - the +0 pair of gloves "Yfum" {rN+ Will- Int+2}
   (You found it on level 6 of the Dungeon)

   Int:       It affects your intelligence (+2).
   rN:        It protects you from negative energy.
   Will:      It decreases your willpower.
 G - a +0 barding (worn)
Jewellery
 e - a ring of fire
 f - a +4 ring of protection (left hand)
 k - a ring of flight (right hand)
 n - an amulet of the acrobat (around neck)
 D - a +6 ring of intelligence
Wands
 b - a wand of flame (48)
 r - a wand of charming (10)
Scrolls
 g - 2 scrolls of amnesia
 h - a scroll of vulnerability
 i - 2 scrolls of noise
 l - a scroll of fear {unknown}
 m - 2 scrolls of fog
 q - 4 scrolls of teleportation
 s - a scroll of brand weapon {unknown}
 t - a scroll of magic mapping
 A - a scroll of immolation {unknown}
 B - a scroll of blinking {unknown}
 K - a scroll of enchant armour {unknown}
Potions
 d - 5 potions of might
 j - 7 potions of curing
 o - 2 potions of ambrosia
 p - 4 potions of lignification
 w - a potion of degeneration {unknown}
 z - 3 potions of attraction
 C - a potion of brilliance {unknown}
 F - a potion of mutation {unknown}
 H - 2 potions of flight {unknown}
 I - 2 potions of haste {unknown}
 J - a potion of invisibility {unknown}


   Skills:
 + Level 5.5 Fighting
 * Level 7.1 Maces & Flails
 - Level 7.0 Armour
 - Level 3.2 Shields
 + Level 3.4 Invocations


You had 7 spell levels left.
You didn't know any spells.
Your spell library contained the following spells:

 Spells                   Type           Power      Damage    Failure   Level
 Freeze                   Ice            0%         1d3       75%         1
 Shock                    Conj/Air       0%         1d3       75%         1
 Slow                     Hex            0%         N/A       75%         1
 Ensorcelled Hibernation  Hex/Ice        0%         N/A       86%         2
 Passwall                 Tmut/Erth      0%         N/A       86%         2
 Sublimation of Blood     Necr           0%         N/A       86%         2
 Confusing Touch          Hex            0%         N/A       98%         3
 Frozen Ramparts          Ice            0%         1d1       98%         3
 Hailstorm                Conj/Ice       0%         3d3       98%         3
 Ignite Poison            Fire/Tmut/Pois 0%         N/A       98%         3
 Swiftness                Air            0%         N/A       98%         3
 Vampiric Draining        Necr           0%         2d6       98%         3
 Petrify                  Tmut/Erth      0%         N/A       100%        4
 Arcjolt                  Conj/Air       0%         1d10      100%        5
 Irradiate                Conj/Tmut      0%         3d11      100%        5
 Iskenderun's Battlesphe  Conj           0%         2d6       100%        5
 Starburst                Conj/Fire      0%         6d3       100%        6


Dungeon Overview and Level Annotations

Branches:
Dungeon (7/15)             Temple (1/1) D:5           Sewer (visited)
Ossuary (visited)

Altars:
Dithmenos
Hepliaklqana
Makhleb
Okawaru
Qazlal
Uskayaw
Vehumet
Xom
Yredelemnul
The Shining One

Shops:
D:2 *   D:3 [


Innate Abilities, Weirdness & Mutations

You are completely covered in rugged brown scales. (AC +3, +7% HP)
Armour fits poorly on your strangely shaped body.
You have a long armoured tail.
You roll when moving toward enemies. (Rampage)
Your long tongue fully drains potion bottles. (2x potion effects)
Your tongue gives you trouble enunciating. (1.5x scroll delay)


Message History

You block the orc priest's attack.
The orc priest hits you from afar with a +1 trident of protection!
You sock the orc priest!
The orc priest is severely wounded.
The orc priest hits you but does no damage.
The orc warrior hits you but does no damage.
You block the orc wizard's attack.
The orc priest hits you but does no damage.
You barely miss the orc priest.
The orc priest is severely wounded.
The orc priest hits you from afar with a +1 trident of protection.
You block the orc warrior's attack.
The orc wizard hits you but does no damage.
The orc priest hits you but does no damage.
Unknown command.
You hit the orc priest.
The orc priest is almost dead.
The orc priest looks braver for a moment.
The orc warrior hits you but does no damage.
You block the orc wizard's attack.
The orc priest hits you but does no damage.
You completely miss the orc priest. You tail-slap the orc priest.
You kill the orc priest!
Qazlal accepts your kill. The orc priest barely misses you.
You block the orc warrior's attack.
The orc wizard hits you but does no damage.
The orc priest invokes the aid of Beogh against you.
Beogh smites you!
* * * LOW HITPOINT WARNING * * *
The orc warrior hits you with a +0 short sword.
* * * LOW HITPOINT WARNING * * *
You block the orc wizard's attack.
Items here: )) ††.
You closely miss the orc priest.
The orc warrior hits you with a +0 short sword.
* * * LOW HITPOINT WARNING * * *
The orc priest hits you but does no damage.
The orc wizard points at you and mumbles some strange words.
The puff of flame hits you!
You die...

###...####....,,,,,,,,,,,
#...........,,.,,,,,,,,,
#.........##,.#,,,,,,***
#.........##...,,,,,,,,,
****#.............,,,,,,,>,,
**,,.##............,,,,,,*,,*
*,,......?.>°.####*,,,****,,,
**,..#.........# *,,,,,,,,,,
*,,,(.......o@o# ***,,,,,,,,,,
**,....../#..○o#**,,,,,,,,,,,,
**###....#.....#*,,**,*,*,*,,
###..........,***,***,*,,
**,..#.........**,,**,,,,,
*,?.,##..........,,,,,,,,,
**#,,,...........,,,,,,,,,
*,,,,.#..........,,,,,,,,,
***,,,*,,,,,*,,,,,,,,,,,,*


You could see an orc warrior, an orc priest and an orc wizard.

Vanquished Creatures
  Duvessa (D:7)
  2 black bears (D:6)
  2 centaurs (D:5)
  A scorpion (D:5)
  2 bullfrogs (Sewer)
  Dowan (D:7)
  A howler monkey (D:6)
  2 jellies
  7 orc priests
  3 hounds (D:6)
  3 iguanas
  2 orc wizards
  A sleepcap (D:7)
  8 mummies (Ossuary)
  14 adders
  10 river rats (Sewer)
  A shadow imp (D:6)
  2 white imps
  A worm (D:2)
  16 orcs
  3 endoplasms
  3 giant cockroaches (D:6)
  9 goblins
  6 hobgoblins
  4 jackals (D:4)
  8 kobolds
  5 quokkas
  13 ball pythons
  5 bats
  4 frilled lizards
  A gnoll zombie (Ossuary)
  3 hobgoblin zombies (Ossuary)
  A kobold zombie (Ossuary)
  3 orc zombies (Ossuary)
  27 rats
175 creatures vanquished.

Notes
Turn   | Place    | Note
-------+----------+-------------------------------------------
     0 | D:1      | porpoise the Armataur Fighter began the quest for the Orb.
     0 | D:1      | Reached XP level 1. HP: 19/19 MP: 1/1
   381 | D:1      | Reached XP level 2. HP: 26/26 MP: 2/2
   853 | D:2      | Reached XP level 3. HP: 23/33 MP: 3/3
   903 | D:2      | Found Defikoc's Assorted Antiques.
   910 | D:2      | Bought a scroll labelled XICWUDGHACLE for 29 gold pieces
   910 | D:2      | Bought a scroll labelled WIRIVA FATESCH for 29 gold pieces
  1427 | D:3      | Found an iron altar of Okawaru.
  1643 | D:3      | Found a shimmering altar of Xom.
  1776 | D:3      | Reached XP level 4. HP: 40/40 MP: 4/4
  1779 | D:3      | Found Goul's Armour Boutique.
  1867 | D:3      | Got the Codex of Baneful Blasting
  2124 | D:4      | Reached XP level 5. HP: 45/48 MP: 5/5
  2375 | D:4      | Identified the +0 scale mail of Charity {rN+ rCorr Dex+4}
  2439 | D:4      | Reached skill level 5 in Armour
  3041 | D:4      | Reached XP level 6. HP: 42/55 MP: 6/6
  3130 | D:5      | Entered Level 5 of the Dungeon
  3147 | D:5      | Found a radiant altar of Vehumet.
  3339 | D:5      | Reached skill level 5 in Maces & Flails
  3339 | D:5      | Reached XP level 7. HP: 53/63 MP: 7/7
  3683 | D:5      | Found a hazy altar of Hepliaklqana.
  3751 | D:5      | Found a staircase to the Ecumenical Temple.
  3757 | Temple   | Entered the Ecumenical Temple
  3780 | Temple   | Became a worshipper of Qazlal Stormbringer
  3872 | D:6      | Found a glowing drain.
  3907 | Sewer    | Entered a sewer
  4313 | Sewer    | Reached * piety under Qazlal
  4391 | Sewer    | Reached skill level 1 in Invocations
  4775 | D:6      | Identified the +0 pair of gloves "Yfum" {rN+ Will- Int+2}
  4796 | D:6      | Reached XP level 8. HP: 68/71 MP: 9/9
  4989 | D:6      | Reached skill level 5 in Fighting
  5559 | D:7      | Noticed Duvessa
  5571 | D:7      | Noticed Dowan
  5580 | D:7      | Killed Duvessa
  5592 | D:7      | Killed Dowan
  5606 | D:7      | Found a sand-covered staircase.
  5673 | Ossuary  | Entered an ossuary
  5822 | Ossuary  | Reached ** piety under Qazlal
  6911 | D:3      | Bought a +0 barding for 230 gold pieces
  7037 | D:7      | Killed from afar by an orc wizard

Illustrated notes

Levels and vault maps discovered:
D:1:      minmay_arrival_glassed_features, layout_loops_ring,
          serial_bayou_crossing
D:2:      layout_basic, serial_shops, shop
D:3:      layout_loops_ring, mainiacjoe_overflow_24_doors, lemuel_tele_altar,
          serial_shops, shop, hangedman_decor_diamond_cutter, kennysheep_potato
D:4:      layout_cave_pods
D:5:      layout_basic, vehumet_altar_wand_db, overflow_temple_1_default,
          minmay_temple_entry_metal_lava
D:6:      layout_cave_pods, gup_sewer_entry_glass, chequers_mini_garden
D:7:      layout_cave_pools, nicolae_ossuary_entry_plus, uniq_duvessa
Temple:   nicolae_temple_superstar

Skill      XL: |  1  2  3  4  5  6  7  8 |
---------------+-------------------------+-----
Maces & Flails | 2 3 4 5 6 7 |  7.1
Fighting       | 3 4 5 |  5.5
Armour         | 4 5 6 7 |  7.0
Invocations    | 1 3 |  3.4
Shields        | |  3.2

Action                     |  1- 3 |  4- 6 |  7- 9 || total
---------------------------+-------+-------+-------++-------
  Melee: Flail             |   114 |   115 |   268 ||   497
         Tailslap          |     7 |    19 |    41 ||    67
         Mace              |       |     4 |    30 ||    34
    Use: Scroll            |       |    10 |     2 ||    12
         Potion            |       |       |     2 ||     2
 Armour: Scale mail        |    61 |    92 |   206 ||   359
  Dodge: Dodged            |    60 |    55 |   121 ||   236
  Block: Buckler           |    25 |    36 |   108 ||   169
